 Dungeon Crawl Stone Soup version 0.20.1-1-g8b1a95d (webtiles) character file.

412 nightchill the Chiller (level 6, -1/41 HPs)
             Began as a Merfolk Ice Elementalist on Dec 24, 2017.
             Was an Initiate of Yredelemnul.
             Slain by an ogre
             ... wielding a +0 giant club
              (12 damage)
             ... on level 5 of the Dungeon.
             The game lasted 00:26:49 (5154 turns).

nightchill the Chiller (Merfolk Ice Elementalist)   Turns: 5154, Time: 00:26:49

Health: -1/41      AC:  4    Str:  8    XL:     6   Next: 90%
Magic:  7/9        EV: 14    Int: 16    God:    Yredelemnul [......]
Gold:   338        SH:  0    Dex: 15    Spells: 8/9 levels left

rFire    . . .     SeeInvis +   a - +2 spear (venom)
rCold    . . .     Gourm    .   (no shield)
rNeg     . . .     Faith    .   w - +0 robe
rPois    .         Spirit   .   (no helmet)
rElec    .         Reflect  .   (no cloak)
rCorr    .         Harm     .   (no gloves)
MR       +....                  x - +1 pair of boots {run}
Stlth    ++........             (no amulet)
Regen    0.2/turn               p - ring of protection from magic
MPRegen  0.2/turn               y - ring of see invisible

@: starving, quick
A: change form in water, swift swim, stealthy swim
a: Renounce Religion


You were on level 5 of the Dungeon.
You worshipped Yredelemnul.
Yredelemnul was noncommittal.
You were starving.

You visited 1 branch of the dungeon, and saw 5 of its levels.

You collected 338 gold pieces.

Inventory:

Hand Weapons
 a - a +2 spear of venom (weapon)
 b - a +0 hunting sling
 g - a +0 spear
 i - a +0 trident
 B - a +1 dagger of protection
Missiles
 d - 142 stones (quivered)
 e - a throwing net
 h - 110 sling bullets
 E - 3 poisoned javelins
Armour
 w - a +0 robe (worn)
 x - a +1 pair of boots of running (worn)
 F - a +0 plate armour
Magical Staves
 l - an uncursed staff of energy {unknown}
Jewellery
 p - a ring of protection from magic (left hand)
 s - a +2 ring of intelligence
 y - a ring of see invisible (right hand)
Wands
 u - a wand of lightning (1/15)
Scrolls
 f - a scroll of amnesia
 j - 5 scrolls of enchant weapon
 n - 6 scrolls of teleportation
 q - a scroll of remove curse
 D - a scroll of immolation {unknown}
Potions
 k - 3 potions of flight
 r - 2 potions of curing {unknown}
 v - a potion of haste {unknown}
 z - a potion of agility {unknown}
 C - 2 potions of brilliance
 G - a potion of invisibility {unknown}
Books
 t - a book of Frost

   Spells                             Type                      Level
   a - Freeze                         Ice                          1
   b - Throw Frost                    Conjuration/Ice              2
   c - Ozocubu's Armour               Charms/Ice                   3
   d - Throw Icicle                   Conjuration/Ice              4
   e - Summon Ice Beast               Ice/Summoning                4
Comestibles
 c - 3 bread rations
 m - a royal jelly
 o - 3 fruits
 A - 3 meat rations


   Skills:
 + Level 3.0 Polearms
 + Level 4.0 Dodging
 - Level 2.1 Stealth
 - Level 2.0 Spellcasting
   Level 0.7 Conjurations
 - Level 7.3 Ice Magic


You had 8 spell levels left.
You knew the following spells:

 Your Spells              Type           Power        Failure   Level  Hunger
a - Freeze                Ice            ####         1%          1    #......


Dungeon Overview and Level Annotations

Branches:
Dungeon (5/15)
 Temple: D:4-7

Altars:
Elyvilon
Gozag
Nemelex Xobeh
Yredelemnul
The Shining One

Shops:
D:4 [

Annotations:
D:3 exclusion: 2 downstairs


Message History

Aiming: Freeze
Press: ? - help, Shift-Dir - straight line, f/p - ogre
Aim: an ogre, wielding a giant club (moderately wounded)
You freeze the ogre.
The ogre is heavily wounded.
You are starving!
You don't have the energy to cast that spell.
You hit the ogre.
The ogre is severely wounded.
The ogre misses you.
You hit the ogre but do no damage.
The ogre is poisoned.
The ogre is severely wounded.
The ogre hits you with a giant club!!
Ouch! That really hurt!
* * * LOW HITPOINT WARNING * * *
You hit the ogre.
The ogre looks as sick as possible!
The ogre is severely wounded.
The ogre hits you with a giant club!
You die...
Your body rises from the dead as a mindless zombie.

. #.# #.#####
...O####(#####.####.###
.......(..............#
....####(#####.####.#.#
............# #.#.#
...####.##.# #.#.#
#.##.# #.#.# #O##.# #
#.#.# #######@##.##.#
#.#.# ..............#
#.#.#
#######.##.#######.#.###
#.................
####.........#.##.
#########...##. #.####.
#.####. #......


You could see an ogre.

Vanquished Creatures
  An ogre (D:4)
  2 orc priests (D:4)
  3 orc wizards (D:4)
  A worker ant (D:5)
  5 adders
  A howler monkey skeleton (D:4)
  2 oozes
  3 worms
  3 dart slugs (D:1)
  2 leopard geckos
  6 orcs
  A ball python (D:2)
  7 bats
  3 giant cockroaches
  9 hobgoblins
  3 jackals (D:4)
  7 kobolds
  2 quokkas
  5 frilled lizards
  11 goblins
  7 rats
84 creatures vanquished.

Vanquished Creatures (others)
  A hound (D:5)
1 creature vanquished.

Grand Total: 85 creatures vanquished

Notes
Turn   | Place    | Note
-------+----------+-------------------------------------------
     0 | D:1      | nightchill the Merfolk Ice Elementalist began the quest for the Orb.
     0 | D:1      | Reached XP level 1. HP: 13/13 MP: 3/3
   239 | D:1      | Reached XP level 2. HP: 10/19 MP: 1/5
   289 | D:1      | Reached skill level 4 in Ice Magic
   861 | D:1      | Reached XP level 3. HP: 24/24 MP: 4/6
  1501 | D:2      | Reached skill level 5 in Ice Magic
  1747 | D:2      | Found an opulent altar of Gozag.
  1872 | D:2      | Reached XP level 4. HP: 24/30 MP: 1/7
  2320 | D:2      | Found an opulent altar of Gozag.
  2321 | D:2      | Found a sparkling altar of Nemelex Xobeh.
  3020 | D:3      | Found a white marble altar of Elyvilon.
  3209 | D:4      | Reached skill level 6 in Ice Magic
  3209 | D:4      | Reached XP level 5. HP: 34/35 MP: 5/8
  3473 | D:4      | Identified a +1 pair of boots of running (You found it on level 3 of the Dungeon)
  3684 | D:4      | Reached skill level 7 in Ice Magic
  3721 | D:4      | Reached XP level 6. HP: 35/41 MP: 4/9
  4141 | D:4      | Found Xoplutoc's Antique Armour Emporium.
  4265 | D:4      | Reached skill level 1 in Polearms
  4596 | D:5      | Entered Level 5 of the Dungeon
  4772 | D:5      | Found a basalt altar of Yredelemnul.
  4774 | D:5      | Noticed a profane servitor
  4782 | D:5      | Became a worshipper of Yredelemnul the Dark
  4791 | D:5      | Found a glowing golden altar of the Shining One.
  5154 | D:5      | Slain by an ogre

Skill      XL: |  1  2  3  4  5  6 |
---------------+-------------------+-----
Ice Magic      | 4 5 6 7 |  7.3
Polearms       | 3 |  3.0
Dodging        | 4 |  4.0
Stealth        | |  2.1
Spellcasting   | |  2.0
Conjurations   | |  0.7

Action                   |  1- 3 |  4- 6 || total
-------------------------+-------+-------++-------
Melee: Club              |    17 |       ||    17
       Dagger            |    10 |     7 ||    17
       Spear             |       |    17 ||    17
 Fire: Hunting sling     |       |    39 ||    39
Throw: Stone             |     7 |     2 ||     9
 Cast: Freeze            |    63 |    72 ||   135
  Use: Scroll            |       |     8 ||     8
 Stab: Sleeping          |     2 |     1 ||     3
  Eat: Chunk             |     4 |     9 ||    13
Armor: Robe              |    16 |     8 ||    24
Dodge: Dodged            |    40 |    41 ||    81
